 Dungeon Crawl Stone Soup version 0.29.1-15-g9cfb28693d (webtiles) character file.

Game seed: 1412965829196307256

1894 leafyfresh the Covert (level 9, -7/64 HPs)
             Began as an Octopode Delver on Mar 5, 2023.
             Mangled by a steam dragon (9 damage)
             ... on level 7 of the Dungeon.
             The game lasted 00:13:01 (8752 turns).

leafyfresh the Covert (Octopode Delver)             Turns: 8752, Time: 00:13:02

Health: -7/64      AC:  7    Str: 11    XL:     9   Next: 15%
Magic:  18/18      EV: 15    Int: 17    God:
Gold:   272        SH:  0    Dex: 13    Spells: 8/8 levels left

rFire   . . .      SeeInvis .   A - +4 rapier
rCold   + . .      Faith    .   (no shield)
rNeg    . . .      Spirit   .   c - +2 hat
rPois   .          Reflect  .   (no amulet)
rElec   .          Harm     .   o - ring of magical power
rCorr   .          Rampage  .   q - ring of protection from cold
Will    .....                   t - +4 ring of protection
Stlth   ++++++....              (no ring)
HPRegen 0.20/turn               (no ring)
MPRegen 0.16/turn               (no ring)
                                (no ring)
                                (no ring)

@: no status effects
A: almost no armour, amphibious, 8 rings, camouflage 1, gelatinous body 1,
(nimble swimmer 1), tentacles
a: no special abilities


You were on level 7 of the Dungeon.
You visited 1 branch of the dungeon, and saw 7 of its levels.
You also visited: Sewer.

You collected 272 gold pieces.

Inventory:

Hand Weapons
 r - a +2 flail of venom
 y - a +2 whip of draining
 A - a +4 rapier (weapon)
 H - a +3 quarterstaff of chaos
 I - a +2 hammer of holy wrath
Missiles
 v - 11 curare-tipped darts (quivered)
Armour
 c - a +2 hat (worn)
Magical Staves
 i - a staff of conjuration
Jewellery
 o - a ring of magical power (left tentacle)
 q - a ring of protection from cold (right tentacle)
 t - a +4 ring of protection (on tentacle)
Wands
 f - a wand of digging (1)
 D - a wand of polymorph (4)
Scrolls
 b - a scroll of fog
 h - a scroll of fear
 k - 2 scrolls of vulnerability {unknown}
 n - a scroll of magic mapping
 u - 4 scrolls of teleportation
 w - 2 scrolls of amnesia {unknown}
 B - 3 scrolls of identify {unknown}
 C - 2 scrolls of torment {unknown}
 G - a scroll of noise {unknown}
Potions
 d - 5 potions of might {unknown}
 e - 2 potions of haste
 g - a potion of mutation {unknown}
 j - 4 potions of heal wounds {unknown}
 l - 5 potions of curing {unknown}
 m - a potion of flight {unknown}
 p - a potion of brilliance {unknown}
 s - a potion of resistance {unknown}
 z - a potion of cancellation {unknown}
 E - a potion of degeneration {unknown}
 F - 2 potions of lignification {unknown}


   Skills:
 + Level 7.3 Fighting
 - Level 2.0 Short Blades
 + Level 6.9 Dodging
 + Level 11.6 Stealth


You had 8 spell levels left.
You didn't know any spells.
Your spell library contained the following spells:

 Spells                   Type           Power      Damage    Failure   Level
 Slow                     Hex            0%         N/A       24%         1
 Sublimation of Blood     Necr           0%         N/A       34%         2
 Confusing Touch          Hex            0%         N/A       56%         3
 Vampiric Draining        Necr           0%         2d6       56%         3
 Petrify                  Tmut/Erth      0%         N/A       93%         4
 Irradiate                Conj/Tmut      0%         3d11      100%        5


Dungeon Overview and Level Annotations

Branches:
Dungeon (7/15)              Sewer (visited)
 Temple: D:4-7

Altars:
Kikubaaqudgha

Shops:
D:1 [   D:2 =   D:7 (

Annotations:
D:5 2 runed translucent doors
D:7 Maggie


Innate Abilities, Weirdness & Mutations

You cannot wear most types of armour.
You are amphibious.
You can wear up to eight rings at the same time.
Your skin changes colour to match your surroundings (Stealth+).
Your rubbery body absorbs attacks. (AC +1, EV +1)
((You are camouflaged when in or above water. (Stealth+)))
You have tentacles for arms and can constrict up to eight enemies at once.


Message History

You squeeze the steam dragon, but do no damage.
The steam dragon is lightly wounded.
You are engulfed in a cloud of scalding steam.
The steam dragon bites you.
The steam dragon claws you but does no damage.
Unknown command.
The steam dragon closely misses you. The steam dragon misses you.
You hit the steam dragon but do no damage.
Your squeeze misses the steam dragon.
The steam dragon is lightly wounded.
The steam dragon closely misses you.
The steam dragon claws you but does no damage.
You hit the steam dragon but do no damage.
You squeeze the steam dragon!
The steam dragon is heavily wounded.
The steam dragon breathes steam at you. The ball of steam hits you!!
* * * LOW HITPOINT WARNING * * *
You barely miss the steam dragon. You squeeze the steam dragon!
The steam dragon is severely wounded.
The steam dragon closely misses you. The steam dragon claws you.
* * * LOW HITPOINT WARNING * * *
Unknown command.
The steam dragon bites you.
* * * LOW HITPOINT WARNING * * *
The steam dragon closely misses you.
You barely miss the steam dragon.
The steam dragon is severely wounded.
The steam dragon closely misses you. x2
You completely miss the steam dragon.
Your tentacle-slap misses the steam dragon.
The steam dragon is severely wounded.
The steam dragon breathes steam at you. The ball of steam hits you!
* * * LOW HITPOINT WARNING * * *
You hit the steam dragon.
The steam dragon is severely wounded.
You are engulfed in a cloud of scalding steam.
The steam dragon bites you!
You die...

#### ### #..## #####.## #...#
#~.... #.#....# ###...## .~....
##......####......## ..~...
###........#......#..#
.~.~..###.................#......
.~~~..#......§.§§................
...~..#.....#.§§@D..............#
##..........#.##§§§........###...
#.....).....................# ...
#....)....<......§§...###...# .##
.....################## #......#
..#.. ..... .... .... .#.. ##


You could see a steam dragon (catching breath).

Vanquished Creatures
  4 yaks (D:6)
  A phantom (D:5)
  2 bullfrogs (Sewer)
  A gnoll sergeant (D:5)
  4 scorpions
  2 jellies
  2 orc priests
  A hound (D:6)
  Crazy Yiuf (D:6)
  4 iguanas
  6 orc wizards
  Robin (D:3)
  7 gnolls
  3 river rats (D:5)
  9 adders
  3 ufetubi
  2 worms
  20 orcs
  3 bats
  18 endoplasms
  10 giant cockroaches
  16 goblins
  12 hobgoblins
  16 jackals
  5 kobolds
  15 quokkas
  12 ball pythons
  9 frilled lizards
  13 rats
202 creatures vanquished.

Vanquished Creatures (others)
  A kobold (D:7)
1 creature vanquished.

Grand Total: 203 creatures vanquished

Notes
Turn   | Place    | Note
-------+----------+-------------------------------------------
     0 | D:5      | leafyfresh the Octopode Delver began the quest for the Orb.
     0 | D:5      | Reached XP level 1. HP: 16/16 MP: 1/1
     5 | D:5      | Noticed an iguana
    27 | D:5      | Noticed a phantom
    31 | D:5      | Killed an iguana
    32 | D:5      | Reached skill level 7 in Stealth
    32 | D:5      | Reached XP level 2. HP: 21/21 MP: 2/2
    32 | D:5      | Reached XP level 3. HP: 26/26 MP: 3/3
    36 | D:5      | Noticed a scorpion
    45 | D:5      | Killed a scorpion
    46 | D:5      | Reached XP level 4. HP: 26/33 MP: 4/4
    88 | D:5      | Reached XP level 5. HP: 25/37 MP: 5/5
    90 | D:5      | Found a glowing drain.
    97 | Sewer    | Entered a sewer
   545 | Sewer    | Reached skill level 8 in Stealth
   819 | Sewer    | Reached XP level 6. HP: 21/44 MP: 6/6
  1144 | D:4      | HP: 2/45 [gnoll/+0 whip[a gnoll sergeant] (3)]
  1911 | D:3      | Noticed Robin
  1933 | D:3      | Reached skill level 5 in Fighting
  1963 | D:3      | Killed Robin
  2166 | D:3      | Reached XP level 7. HP: 50/50 MP: 7/7
  2481 | D:2      | You fall into a shaft and drop 2 floors!
  2615 | D:4      | Reached skill level 9 in Stealth
  3720 | D:2      | Found an ancient bone altar of Kikubaaqudgha.
  3725 | D:2      | Found Qolesief's Jewellery Emporium.
  4178 | D:1      | Found Qisheomi's Antique Armour Emporium.
  4308 | D:1      | Found a faded altar of an unknown god.
  4873 | D:5      | Found a runed translucent door.
  4877 | D:5      | Reached skill level 5 in Dodging
  4927 | D:5      | Reached XP level 8. HP: 27/57 MP: 8/8
  5113 | D:5      | Reached skill level 10 in Stealth
  5821 | D:5      | Found a runed translucent door.
  6759 | D:6      | Noticed a yak
  6760 | D:6      | Noticed a yak
  6761 | D:6      | Noticed a yak
  6762 | D:6      | Noticed a yak
  6769 | D:6      | Killed a yak
  7130 | D:6      | Killed a yak
  7147 | D:6      | Killed a yak
  7148 | D:6      | Reached skill level 11 in Stealth
  7157 | D:6      | Killed a yak
  7158 | D:6      | Reached XP level 9. HP: 12/64 MP: 9/9
  7817 | D:6      | Found a runed translucent door.
  7818 | D:6      | Noticed Crazy Yiuf
  8479 | D:6      | Killed Crazy Yiuf
  8532 | D:7      | Found Larumerch's Antique Weapon Boutique.
  8532 | D:7      | Noticed Maggie
  8751 | D:7      | HP: 2/64 [steam dragon/ball of steam (8)]
  8752 | D:7      | Mangled by a steam dragon

Illustrated notes

Levels and vault maps discovered:
D:1:      amcnicky_arrival_choice, layout_rooms,
          dreamdust_ecumenical_altar_angels_and_demons, serial_shops, shop
D:2:      layout_rooms, basic_altar, serial_shops, shop
D:3:      minmay_evil_eye, layout_rooms, uniq_robin
D:4:      layout_cave_pods
D:5:      lemuel_insect_pit, layout_basic, lightli_sewer_entry_pipes
D:6:      layout_basic, uniq_crazy_yiuf_cottage
D:7:      layout_cave_pools, lemuel_temple_firewalk_b, serial_shops, shop,
          chequers_serial_rivers_micro_c, grunt_decor_resistance, uniq_duvessa,
          uniq_pikel, uniq_maggie

Skill      XL: |  1  2  3  4  5  6  7  8 |
---------------+-------------------------+-----
Stealth        | 7 8 9 11 | 11.6
Dodging        | 3 4 5 6 |  6.9
Fighting       | 4 5 7 |  7.3
Short Blades   | |  2.0

Action                   |  1- 3 |  4- 6 |  7- 9 || total
-------------------------+-------+-------+-------++-------
Melee: Short sword       |     7 |   183 |    89 ||   279
       Tentacles         |     2 |    35 |    58 ||    95
       Constrict         |     1 |    30 |    44 ||    75
       Punch             |       |     5 |     4 ||     9
       Whip              |       |       |    32 ||    32
       Rapier            |       |       |   129 ||   129
Evoke: Wand              |       |     1 |     2 ||     3
  Use: Scroll            |     1 |     3 |     2 ||     6
 Stab: Sleeping          |     1 |    27 |    45 ||    73
       Distracted        |       |     1 |       ||     1
Armor: Skin              |     3 |    24 |    48 ||    75
Dodge: Dodged            |     2 |   107 |   163 ||   272
